[ AOE2 MATCH · #494410802 ]
UnrankedWu vs Mongols
Player's team · WIN
Rival team · LOSS
[ REPLAY ANALYSIS · EXTRACTED FROM THE RECORDED GAME ]
Feudal
11:23
Castle
27:39
Imperial
—
| APM avg | 64.1 |
| APM peak | 107 |
| eAPM avg | 34.8 |
| Villagers / military | 93 / 30 |
Focus
⚔️ 39.1% · 🌾 60.9%
Skirmisher ×19 · Archer ×9 · Fishing Ship ×6 · Unknown (1974) ×3 · Galley ×1 · Fire Galley ×1
Feudal
8:53
Castle
24:08
Imperial
—
| APM avg | 51.3 |
| APM peak | 95 |
| eAPM avg | 18.7 |
| Villagers / military | 84 / 45 |
Focus
⚔️ 31.3% · 🌾 68.7%
Archer ×22 · Militia ×10 · Skirmisher ×9 · Mangonel ×2 · Scorpion ×2
Match map
Initial resources + every placement click. Lines = walls · curves = elevation contours. ◆ gold · ⬟ stone · ● berries · ✦ relic · ◌ wall gap
Your base· Open — unwalled flank
DS_Rene Lavand's base· Open — unwalled flank
Smoothed initial terrain · ◌ = detected wall gap · hover for details
Inputs per minute
— 奉天讨贼 Latin America lagge - - DS_Rene Lavand
Build order — 奉天讨贼 Latin America lagge
First 150 of 208 actions detected
| 0:00 | Create | Villager (Male) |
| 0:02 | Build | House |
| 0:03 | Build | House |
| 0:05 | Create | Villager (Male) |
| 0:05 | Create | Villager (Male) |
| 0:06 | Create | Villager (Male) |
| 0:06 | Create | Villager (Male) |
| 1:26 | Create | Villager (Male) |
| 1:27 | Create | Villager (Male) |
| 2:03 | Create | Villager (Male) |
| 2:03 | Create | Villager (Male) |
| 2:18 | Create | Villager (Male) |
| 2:18 | Create | Villager (Male) |
| 2:55 | Build | Mill |
| 2:58 | Research | Loom |
| 3:14 | Create | Villager (Male) |
| 3:14 | Create | Villager (Male) |
| 3:14 | Create | Villager (Male) |
| 4:23 | Build | Lumber Camp |
| 4:26 | Create | Villager (Male) |
| 4:27 | Create | Villager (Male) |
| 4:27 | Create | Villager (Male) |
| 5:00 | Build | House |
| 5:23 | Create | Villager (Male) |
| 5:24 | Create | Villager (Male) |
| 5:52 | Create | Villager (Male) |
| 5:52 | Create | Villager (Male) |
| 6:06 | Build | Dock |
| 6:27 | Create | Villager (Male) |
| 6:28 | Create | Villager (Male) |
| 6:28 | Create | Villager (Male) |
| 6:50 | Create | Fishing Ship |
| 6:53 | Create | Fishing Ship |
| 6:54 | Create | Villager (Male) |
| 6:54 | Create | Villager (Male) |
| 7:22 | Build | House |
| 7:32 | Create | Villager (Male) |
| 7:32 | Create | Villager (Male) |
| 7:44 | Create | Fishing Ship |
| 8:19 | Create | Villager (Male) |
| 8:19 | Create | Villager (Male) |
| 8:19 | Create | Villager (Male) |
| 8:20 | Create | Fishing Ship |
| 8:44 | Build | House |
| 9:13 | Research | Feudal Age |
| 9:13 | Research | Feudal Age |
| 9:24 | Build | Palisade Wall |
| 9:25 | Build | Palisade Wall |
| 9:26 | Build | Palisade Wall |
| 9:48 | Create | Villager (Male) |
| 9:55 | Build | Barracks |
| 10:30 | Create | Villager (Male) |
| 10:41 | Build | House |
| 10:46 | Create | Villager (Male) |
| 10:55 | Create | Villager (Male) |
| 10:59 | Create | Villager (Male) |
| 11:15 | Create | Villager (Male) |
| 11:15 | Create | Villager (Male) |
| 11:21 | Create | Villager (Male) |
| 11:21 | Create | Villager (Male) |
| 11:21 | Create | Villager (Male) |
| 11:23 | Age | Feudal Age |
| 11:25 | Create | Villager (Male) |
| 11:25 | Create | Villager (Male) |
| 11:31 | Build | Archery Range |
| 11:46 | Research | Double-Bit Axe |
| 11:59 | Create | Skirmisher |
| 11:59 | Create | Villager (Male) |
| 12:05 | Build | House |
| 12:08 | Create | Skirmisher |
| 12:21 | Create | Fire Galley |
| 12:51 | Create | Skirmisher |
| 12:51 | Create | Skirmisher |
| 12:52 | Create | Villager (Male) |
| 12:58 | Build | Mill |
| 13:04 | Create | Villager (Male) |
| 13:11 | Create | Skirmisher |
| 13:12 | Create | Villager (Male) |
| 13:14 | Build | House |
| 13:17 | Create | Villager (Male) |
| 13:18 | Create | Villager (Male) |
| 13:47 | Build | Archery Range |
| 14:00 | Create | Villager (Male) |
| 14:00 | Create | Villager (Male) |
| 14:03 | Create | Villager (Male) |
| 14:03 | Create | Villager (Male) |
| 14:05 | Build | Farm |
| 14:05 | Build | Farm |
| 14:06 | Build | Farm |
| 14:07 | Create | Villager (Male) |
| 14:08 | Create | Villager (Male) |
| 14:08 | Create | Villager (Male) |
| 14:21 | Create | Villager (Male) |
| 14:21 | Create | Villager (Male) |
| 14:35 | Create | Villager (Male) |
| 14:37 | Build | Blacksmith |
| 14:44 | Create | Skirmisher |
| 14:57 | Build | Farm |
| 15:06 | Create | Skirmisher |
| 15:26 | Build | Watch Tower |
| 15:33 | Research | Fletching |
| 15:34 | Create | Skirmisher |
| 15:34 | Create | Skirmisher |
| 15:41 | Create | Villager (Male) |
| 15:45 | Build | Palisade Wall |
| 16:17 | Build | Palisade Wall |
| 16:41 | Create | Villager (Male) |
| 16:41 | Create | Villager (Male) |
| 16:45 | Research | Padded Archer Armor |
| 16:46 | Create | Villager (Male) |
| 16:46 | Create | Villager (Male) |
| 17:01 | Create | Villager (Male) |
| 17:02 | Create | Villager (Male) |
| 17:02 | Create | Villager (Male) |
| 17:08 | Build | Palisade Wall |
| 17:09 | Build | Palisade Wall |
| 17:11 | Build | Palisade Wall |
| 17:22 | Create | Villager (Male) |
| 17:22 | Create | Villager (Male) |
| 17:43 | Create | Villager (Male) |
| 17:45 | Create | Villager (Male) |
| 17:45 | Create | Villager (Male) |
| 17:48 | Build | Farm |
| 17:54 | Create | Archer |
| 17:55 | Create | Archer |
| 17:55 | Create | Archer |
| 18:18 | Create | Galley |
| 18:30 | Research | Town Watch |
| 18:31 | Research | Wheelbarrow |
| 18:36 | Build | House |
| 18:58 | Build | House |
| 19:01 | Build | Farm |
| 19:08 | Create | Skirmisher |
| 19:08 | Create | Skirmisher |
| 19:21 | Create | Skirmisher |
| 19:21 | Create | Skirmisher |
| 19:38 | Create | Skirmisher |
| 19:44 | Create | Skirmisher |
| 19:49 | Create | Skirmisher |
| 19:49 | Create | Skirmisher |
| 20:00 | Build | Farm |
| 20:04 | Create | Skirmisher |
| 20:04 | Create | Skirmisher |
| 20:11 | Create | Fishing Ship |
| 20:12 | Create | Fishing Ship |
| 20:13 | Create | Villager (Male) |
| 20:13 | Create | Villager (Male) |
| 20:36 | Build | Watch Tower |
| 20:37 | Create | Villager (Male) |
| 20:55 | Create | Archer |
Build order — DS_Rene Lavand
First 150 of 200 actions detected
| 0:02 | Create | Villager (Male) |
| 0:02 | Create | Villager (Male) |
| 0:02 | Create | Villager (Male) |
| 0:03 | Create | Villager (Male) |
| 0:03 | Create | Villager (Male) |
| 0:03 | Create | Villager (Male) |
| 0:04 | Build | House |
| 0:07 | Build | House |
| 1:30 | Create | Villager (Male) |
| 1:31 | Create | Villager (Male) |
| 1:31 | Create | Villager (Male) |
| 1:57 | Create | Villager (Male) |
| 1:57 | Create | Villager (Male) |
| 2:11 | Build | Lumber Camp |
| 2:20 | Create | Villager (Male) |
| 2:20 | Create | Villager (Male) |
| 2:46 | Create | Villager (Male) |
| 2:46 | Create | Villager (Male) |
| 2:47 | Create | Villager (Male) |
| 2:47 | Create | Villager (Male) |
| 3:24 | Create | Villager (Male) |
| 3:24 | Create | Villager (Male) |
| 3:24 | Create | Villager (Male) |
| 3:25 | Create | Villager (Male) |
| 3:32 | Build | House |
| 4:15 | Build | Mill |
| 4:21 | Create | Villager (Male) |
| 4:21 | Create | Villager (Male) |
| 4:21 | Create | Villager (Male) |
| 4:48 | Create | Villager (Male) |
| 4:48 | Create | Villager (Male) |
| 5:15 | Create | Villager (Male) |
| 5:15 | Create | Villager (Male) |
| 5:57 | Research | Loom |
| 6:24 | Build | Barracks |
| 6:31 | Research | Feudal Age |
| 6:51 | Build | House |
| 7:22 | Create | Militia |
| 7:22 | Create | Militia |
| 7:23 | Create | Militia |
| 7:24 | Create | Militia |
| 7:24 | Create | Militia |
| 7:25 | Create | Militia |
| 7:26 | Create | Militia |
| 7:26 | Create | Militia |
| 7:28 | Create | Militia |
| 7:28 | Create | Militia |
| 8:43 | Build | House |
| 8:45 | Build | House |
| 8:53 | Age | Feudal Age |
| 8:57 | Build | Archery Range |
| 8:58 | Research | Man-at-Arms (upgrade) |
| 9:03 | Create | Villager (Male) |
| 9:35 | Create | Villager (Male) |
| 9:40 | Create | Archer |
| 9:41 | Create | Archer |
| 9:41 | Create | Archer |
| 10:10 | Create | Archer |
| 10:10 | Create | Archer |
| 10:25 | Build | Watch Tower |
| 11:18 | Build | Blacksmith |
| 11:25 | Create | Archer |
| 11:25 | Create | Archer |
| 11:26 | Create | Villager (Male) |
| 11:26 | Create | Villager (Male) |
| 11:26 | Create | Villager (Male) |
| 11:44 | Build | Mining Camp |
| 11:49 | Create | Archer |
| 11:50 | Create | Archer |
| 11:54 | Build | Watch Tower |
| 12:09 | Research | Fletching |
| 12:09 | Research | Fletching |
| 12:09 | Research | Fletching |
| 12:16 | Build | Palisade Gate |
| 12:29 | Create | Villager (Male) |
| 12:49 | Create | Skirmisher |
| 12:49 | Create | Archer |
| 12:54 | Build | Mill |
| 13:05 | Create | Villager (Male) |
| 13:05 | Create | Villager (Male) |
| 13:05 | Create | Villager (Male) |
| 13:47 | Create | Archer |
| 13:47 | Create | Archer |
| 13:47 | Create | Archer |
| 13:47 | Create | Archer |
| 13:50 | Create | Villager (Male) |
| 13:51 | Create | Villager (Male) |
| 13:51 | Create | Villager (Male) |
| 13:51 | Create | Villager (Male) |
| 14:00 | Build | Market |
| 14:15 | Create | Skirmisher |
| 14:19 | Create | Skirmisher |
| 14:20 | Create | Villager (Male) |
| 14:26 | Build | Palisade Wall |
| 14:27 | Build | Palisade Wall |
| 14:28 | Build | Palisade Wall |
| 14:36 | Create | Villager (Male) |
| 14:37 | Create | Villager (Male) |
| 14:37 | Create | Villager (Male) |
| 14:45 | Build | Farm |
| 14:46 | Build | Farm |
| 15:08 | Create | Skirmisher |
| 15:08 | Create | Archer |
| 15:15 | Create | Villager (Male) |
| 15:20 | Build | Farm |
| 15:48 | Create | Archer |
| 15:49 | Create | Archer |
| 15:49 | Create | Archer |
| 15:49 | Create | Archer |
| 15:49 | Create | Archer |
| 16:18 | Create | Villager (Male) |
| 16:18 | Create | Villager (Male) |
| 16:19 | Create | Villager (Male) |
| 16:19 | Create | Villager (Male) |
| 16:19 | Create | Villager (Male) |
| 16:21 | Build | House |
| 16:22 | Build | House |
| 17:03 | Create | Skirmisher |
| 17:04 | Create | Villager (Male) |
| 17:09 | Create | Villager (Male) |
| 17:46 | Build | House |
| 17:53 | Create | Villager (Male) |
| 17:57 | Build | Farm |
| 17:57 | Build | Farm |
| 17:57 | Build | Farm |
| 17:58 | Build | Farm |
| 17:58 | Build | Farm |
| 17:58 | Build | Farm |
| 17:59 | Build | Farm |
| 18:10 | Research | Padded Archer Armor |
| 18:17 | Build | Farm |
| 18:29 | Create | Villager (Male) |
| 18:32 | Create | Skirmisher |
| 18:33 | Create | Skirmisher |
| 19:02 | Build | Watch Tower |
| 19:48 | Create | Skirmisher |
| 19:48 | Create | Archer |
| 19:48 | Create | Skirmisher |
| 19:48 | Create | Archer |
| 20:04 | Create | Villager (Male) |
| 20:21 | Build | Palisade Wall |
| 20:22 | Build | Palisade Wall |
| 20:32 | Build | Farm |
| 20:42 | Create | Villager (Male) |
| 21:28 | Research | Castle Age |
| 22:06 | Build | Farm |
| 22:07 | Build | Farm |
| 22:07 | Build | Farm |
| 22:07 | Build | Farm |
| 22:08 | Build | Farm |
Match timeline
| 6:06 | 奉天讨贼 Latin America lagge · first_building Dock |
| 6:24 | DS_Rene Lavand · first_building Barracks |
| 8:53 | DS_Rene Lavand · age_up feudal |
| 8:57 | DS_Rene Lavand · first_building Archery Range |
| 9:24 | 奉天讨贼 Latin America lagge · wall_segment Palisade Wall x1 |
| 9:25 | 奉天讨贼 Latin America lagge · wall_segment Palisade Wall x1 |
| 9:26 | 奉天讨贼 Latin America lagge · wall_segment Palisade Wall x1 |
| 9:55 | 奉天讨贼 Latin America lagge · first_building Barracks |
| 11:23 | 奉天讨贼 Latin America lagge · age_up feudal |
| 11:31 | 奉天讨贼 Latin America lagge · first_building Archery Range |
| 14:26 | DS_Rene Lavand · wall_segment Palisade Wall x1 |
| 14:27 | DS_Rene Lavand · wall_segment Palisade Wall x1 |
| 14:28 | DS_Rene Lavand · wall_segment Palisade Wall x1 |
| 15:45 | 奉天讨贼 Latin America lagge · wall_segment Palisade Wall x1 |
| 16:17 | 奉天讨贼 Latin America lagge · wall_segment Palisade Wall x1 |
| 17:06 | DS_Rene Lavand · first_market_sell 100 wood |
| 17:08 | 奉天讨贼 Latin America lagge · wall_segment Palisade Wall x1 |
| 17:09 | 奉天讨贼 Latin America lagge · wall_segment Palisade Wall x1 |
| 17:11 | 奉天讨贼 Latin America lagge · wall_segment Palisade Wall x1 |
| 18:28 | DS_Rene Lavand · first_market_buy 100 food |
| 20:21 | DS_Rene Lavand · wall_segment Palisade Wall x1 |
| 20:22 | DS_Rene Lavand · wall_segment Palisade Wall x1 |
| 22:43 | DS_Rene Lavand · wall_segment Palisade Wall x1 |
| 23:23 | 奉天讨贼 Latin America lagge · wall_segment Palisade Wall x6 |
| 23:25 | 奉天讨贼 Latin America lagge · wall_segment Palisade Wall x1 |
| 24:08 | DS_Rene Lavand · age_up castle |
| 24:12 | 奉天讨贼 Latin America lagge · wall_segment Palisade Wall x1 |
| 24:31 | DS_Rene Lavand · first_building Siege Workshop |
| 24:38 | 奉天讨贼 Latin America lagge · first_market_buy 100 wood |
| 24:57 | 奉天讨贼 Latin America lagge · wall_segment Palisade Wall x1 |
| 27:39 | 奉天讨贼 Latin America lagge · age_up castle |
| 27:59 | 奉天讨贼 Latin America lagge · first_building Siege Workshop |
| 28:59 | DS_Rene Lavand · first_building Castle |
| 29:44 | 奉天讨贼 Latin America lagge · first_building Castle |
| 30:54 | DS_Rene Lavand · resign |
[ AI ANALYSIS · 1 CREDIT ]
What really happened in this match?
Wolo.gg analyzes every decision: build order, eco, micro, common mistakes by bracket. Personalized analysis on WhatsApp or Discord in 30 seconds.
Civ guide
Wu
Perfil
奉天讨贼 Latin America lagge